 Dungeon Crawl Stone Soup version 0.24-a0-716-g2d0fce6 (webtiles) character file.

Game seed: 10234659257398343614, levelgen mode: deterministic

12630 Spazmo the Thaumaturge (level 11, -8/64 HPs)
             Began as a Deep Elf Fire Elementalist on Sept 29, 2019.
             Was an Elder of Vehumet.
             Mangled by a spiny frog (22 damage)
             ... on level 1 of the Lair of Beasts on Sept 30, 2019.
             The game lasted 00:42:02 (11388 turns).

Spazmo the Thaumaturge (DEFE)                      Turns: 11388, Time: 00:42:03

Health: -8/64      AC:  3    Str:  5    XL:     11   Next: 65%
Magic:  31/38      EV: 18    Int: 24    God:    Vehumet [****..]
Gold:   570        SH:  0    Dex: 15    Spells: 19/34 levels left

rFire    + . .     SeeInvis .   y - staff of death
rCold    . . .     Gourm    .   (no shield)
rNeg     + . .     Faith    .   C - +1 robe {rF+}
rPois    .         Spirit   .   (no helmet)
rElec    .         Reflect  .   s - scarf {repulsion}
rCorr    .         Harm     .   (no gloves)
MR       ++...                  (no boots)
Stlth    ++........             t - amulet of magic regeneration
HPRegen  0.20/turn              p - ring of protection from magic
MPRegen  0.51/turn              A - ring of magical power

@: repel missiles
A: no striking features
a: Renounce Religion


You were on level 1 of the Lair of Beasts.
You worshipped Vehumet.
Vehumet was greatly pleased with you.
You were not hungry.

You visited 3 branches of the dungeon, and saw 13 of its levels.
You also visited: Ossuary.

You collected 570 gold pieces.

Inventory:

Hand Weapons
 e - a +4 dagger
 l - a +1 whip of electrocution
 z - a +2 mace of holy wrath
Missiles
 f - 269 stones (quivered)
Armour
 o - a +2 cloak
 s - a scarf of repulsion (worn)
 C - a +1 robe of fire resistance (worn)
Magical Staves
 y - an uncursed staff of death (weapon)
Jewellery
 p - a ring of protection from magic (left hand)
 t - an amulet of magic regeneration (around neck)
 A - a ring of magical power (right hand)
Wands
 q - a wand of flame (17)
 w - a wand of iceblast (6)
 E - a wand of paralysis (8)
Scrolls
 g - 9 scrolls of teleportation
 i - 2 scrolls of identify
 n - 3 scrolls of amnesia
 r - a scroll of magic mapping
 x - 9 scrolls of remove curse
 D - a scroll of fog
Potions
 b - 5 potions of cancellation
 d - 4 potions of curing
 h - a potion of magic
 j - 5 potions of brilliance
 k - 2 potions of agility
 m - 4 potions of haste
 u - 2 potions of ambrosia
 v - 2 potions of flight
 B - a potion of heal wounds
Comestibles
 c - 21 rations


   Skills:
 + Level 6.2 Fighting
 + Level 9.4 Dodging
 - Level 2.4 Stealth
 - Level 12.0 Spellcasting
 - Level 10.1 Conjurations
 - Level 10.0 Fire Magic


You had 19 spell levels left.
You knew the following spells:

 Your Spells              Type           Power        Failure   Level  Hunger
a - Flame Tongue          Conj/Fire      #####        1%          1    None
b - Throw Flame           Conj/Fire      ######       1%          2    None
c - Conjure Flame         Conj/Fire      ######..     1%          3    None
d - Sticky Flame          Conj/Fire      ######..     1%          4    None
e - Fireball              Conj/Fire      ######....   1%          5    ###....

Your spell library contained the following spells:

 Spells                   Type           Power        Failure   Level  Hunger
 Force Lance              Conj/Tloc      #####...     1%          4    None
 Inner Flame              Hex/Fire       #####...     1%          3    None
 Animate Skeleton         Necr           N/A          4%          1    None
 Pain                     Necr           ###.         4%          1    None
 Regeneration             Chrm/Necr      ###.......   13%         3    None
 Vampiric Draining        Necr           ###.......   13%         3    None
 Animate Dead             Necr           N/A          38%         4    None


Dungeon Overview and Level Annotations

Branches:
Dungeon (10/15)            Temple (1/1) D:7            Lair (2/6) D:9
    Orc (0/2) D:9         Ossuary (visited)
  Swamp: Lair:2-4    Shoals: Lair:2-4     Snake: Lair:2-4    Spider: Lair:2-4

Altars:
Ashenzari
Cheibriados
Elyvilon
Fedhas
Gozag
Kikubaaqudgha
Makhleb
Nemelex Xobeh
Qazlal
Ru
Sif Muna
Trog
Uskayaw
Vehumet
Wu Jian

Shops:
D:7 =   D:8 %

Annotations:
D:5 3 runed translucent doors, SteelSquire's ghost, novice TrMo
Lair:1 Gastronok


Message History

Press: ? - help, Shift-Dir - straight line, f - basilisk
Aim: a basilisk The sticky flame hits the basilisk.
The basilisk is lightly wounded.
The basilisk is covered in liquid flames!
The basilisk burns!
The spiny frog stings you! The basilisk bites you.
Casting: Sticky Flame (safe; 1% risk of failure)
Confirm with . or Enter, or press ? or * to list all spells.
Aiming: Sticky Flame (safe; 1% risk of failure)
Press: ? - help, Shift-Dir - straight line, f - spiny frog, p - basilisk
Aim: a spiny frog The sticky flame hits the spiny frog!
The spiny frog is lightly wounded.
The spiny frog is covered in liquid flames!
The basilisk burns!
The spiny frog burns!
The spiny frog stings you!!
* * * LOW HITPOINT WARNING * * *
The basilisk misses you.
Unknown command.
The basilisk burns!
The spiny frog burns!
The spiny frog stings you!!
You die...

........# #...#..#
#..##..... ........#
#...#..# #..##....(
........# #..#...#
#..##..... ..## ...#
#..##..# #..##..... ...#
#..# ##..##..# #..##.....
...# #..# #...##..##
##......... ..## #..#
##..#....###P..##..... ..#
#..# #...##.........#......
..#
#..#####..F@.........##.....
..##
#..##P##..l...#####..##..##.
...# #.............#
#.......##. ..##
#.............# ##.......#.
...# #..#####......#
#..##..#.. ..####..#
#......# #..#...##. ..#
#..!# #......# ##..#...##.
..# ##..# ##......##
#...#P..#.. ..# ##..#
#........# ##..#...##.


You could see a spiny frog (burning) and a basilisk (burning).

Vanquished Creatures
  Harold (Lair:2)
  An ugly thing (D:10)
  A manticore (D:10)
  3 elephants (Lair:1)
  3 spiny frogs (Lair:1)
  4 komodo dragons
  4 hippogriffs
  2 hogs (D:10)
  11 yaks
  A human (D:10)
  A hungry ghost (D:8)
  3 wargs (D:9)
  A water moccasin (Lair:1)
  A porcupine (Lair:2)
  2 sky beasts
  2 black bears
  3 orc warriors
  3 ice beasts
  A phantom (D:6)
  3 ogres
  4 centaurs
  A crocodile (Lair:1)
  A big kobold (D:10)
  2 elf zombies (Ossuary)
  A gnoll sergeant (D:8)
  7 bullfrogs
  2 scorpions (D:4)
  12 wights
  A howler monkey (D:5)
  4 centaur zombies
  3 bullfrog zombies
  A quasit (D:8)
  2 gnoll shamans (D:7)
  A centaur skeleton (D:4)
  A hound (D:10)
  12 orc priests
  2 human zombies (Ossuary)
  3 iguanas
  6 worker ants
  Natasha (twice) (D:4)
  11 orc wizards
  2 killer bee zombies
  A big kobold zombie (Ossuary)
  2 hound zombies
  A hound skeleton (D:4)
  2 mummies (Ossuary)
  A worker ant zombie (D:9)
  14 gnolls
  6 adders
  2 shadow imps
  An ooze (D:1)
  2 adder skeletons
  5 worms
  5 leopard geckos
  71 orcs
  12 bats
  10 giant cockroaches
  8 goblins
  7 hobgoblins
  7 jackals
  3 quokkas
  2 ball pythons
  2 frilled lizards (D:2)
  A gnoll zombie (D:6)
  A goblin zombie (Ossuary)
  12 hobgoblin zombies (Ossuary)
  2 jackal zombies
  13 kobolds
  8 kobold zombies (Ossuary)
  7 orc zombies
  A rat zombie (Ossuary)
341 creatures vanquished.

Notes
Turn   | Place    | Note
-------+----------+-------------------------------------------
     0 | D:1      | Spazmo the Deep Elf Fire Elementalist began the quest for
                  | the Orb.
     0 | D:1      | Reached XP level 1. HP: 10/10 MP: 6/6
   166 | D:1      | Reached XP level 2. HP: 13/15 MP: 5/8
   372 | D:1      | Reached XP level 3. HP: 19/19 MP: 6/10
   376 | D:1      | Learned a level 2 spell: Throw Flame
   380 | D:1      | Learned a level 3 spell: Conjure Flame
   784 | D:2      | Found a shattered altar of Ashenzari.
  1046 | D:2      | Reached skill level 4 in Spellcasting
  1255 | D:2      | Found a burning altar of Makhleb.
  1381 | D:2      | Reached XP level 4. HP: 24/24 MP: 8/12
  1386 | D:2      | Learned a level 3 spell: Inner Flame
  1614 | D:3      | Learned a level 4 spell: Sticky Flame
  1823 | D:3      | Found a hide-covered altar of Uskayaw.
  1939 | D:3      | Reached XP level 5. HP: 28/28 MP: 3/14
  2040 | D:3      | Reached skill level 5 in Spellcasting
  2166 | D:3      | Noticed a centaur
  2169 | D:3      | HP: 1/28 [centaur (7)]
  2174 | D:3      | Killed a centaur
  2219 | D:3      | Reached skill level 5 in Fire Magic
  2641 | D:4      | Reached XP level 6. HP: 32/32 MP: 11/16
  2648 | D:4      | Learned a level 5 spell: Fireball
  3143 | D:4      | Reached skill level 6 in Spellcasting
  3269 | D:4      | Reached XP level 7. HP: 36/36 MP: 9/18
  3445 | D:4      | Reached skill level 5 in Conjurations
  3616 | D:4      | Noticed Natasha
  3621 | D:4      | Killed Natasha
  3688 | D:4      | Noticed Natasha
  3690 | D:4      | Killed Natasha
  3730 | D:5      | Entered Level 5 of the Dungeon
  3819 | D:5      | Reached skill level 7 in Spellcasting
  4138 | D:5      | Found a snail-covered altar of Cheibriados.
  4156 | D:5      | Found a bloodstained altar of Trog.
  4157 | D:5      | Found a stormy altar of Qazlal.
  4157 | D:5      | Found a sparkling altar of Nemelex Xobeh.
  4158 | D:5      | Found an ornate altar of the Wu Jian Council.
  4228 | D:5      | Reached XP level 8. HP: 41/41 MP: 11/21
  4251 | D:5      | Upgraded the game from 0.24-a0-702-gaeb99fb to
                  | 0.24-a0-716-g2d0fce6
  4341 | D:5      | Found a runed translucent gate.
  4341 | D:5      | Found a runed translucent gate.
  4341 | D:5      | Found a runed translucent gate.
  4342 | D:5      | Found an opulent altar of Gozag.
  4342 | D:5      | Noticed SteelSquire's ghost (novice TrMo)
  4731 | D:6      | Found a sand-covered staircase.
  4747 | Ossuary  | Entered an ossuary
  4756 | Ossuary  | Reached skill level 8 in Spellcasting
  5593 | D:6      | Found a sparkling altar of Nemelex Xobeh.
  6002 | D:7      | Reached skill level 9 in Spellcasting
  6052 | D:7      | Found a staircase to the Ecumenical Temple.
  6061 | Temple   | Entered the Ecumenical Temple
  6108 | Temple   | Became a worshipper of Vehumet
  6431 | D:7      | Reached XP level 9. HP: 40/45 MP: 14/24
  6571 | D:7      | Found Orezyupu's Jewellery Emporium.
  7097 | D:8      | Found Zoanisku's Food Shop.
  7198 | D:8      | Reached * piety under Vehumet
  7198 | D:8      | Offered knowledge of Freeze by Vehumet.
  7198 | D:8      | Reached skill level 10 in Spellcasting
  8074 | D:9      | Reached ** piety under Vehumet
  8083 | D:9      | Offered knowledge of Shock by Vehumet.
  8195 | D:9      | Found a staircase to the Lair.
  8228 | D:9      | Found a staircase to the Orcish Mines.
  8283 | D:9      | Reached skill level 11 in Spellcasting
  8575 | D:9      | Offered knowledge of Searing Ray by Vehumet.
  8600 | D:9      | Reached XP level 10. HP: 50/50 MP: 23/27
  8980 | D:10     | Entered Level 10 of the Dungeon
  9083 | D:10     | Reached *** piety under Vehumet
  9273 | D:10     | Offered knowledge of Dazzling Spray by Vehumet.
  9273 | D:10     | Reached skill level 10 in Fire Magic
  9442 | D:10     | Reached skill level 12 in Spellcasting
  9449 | D:10     | Reached skill level 10 in Conjurations
  9545 | D:10     | Noticed a manticore
  9548 | D:10     | Noticed a brown ugly thing
  9555 | D:10     | Killed a manticore
  9555 | D:10     | Reached skill level 1 in Fighting
  9559 | D:10     | Killed a brown ugly thing
  9697 | D:10     | Reached skill level 5 in Dodging
  9847 | Lair:1   | Entered Level 1 of the Lair of Beasts
  9847 | Lair:1   | Noticed a spiny frog
  9853 | Lair:1   | Killed a spiny frog
  9882 | Lair:1   | Reached XP level 11. HP: 60/60 MP: 29/29
  9885 | Lair:1   | Noticed Gastronok
  9937 | Lair:1   | Reached **** piety under Vehumet
 10321 | Lair:1   | Offered knowledge of Force Lance by Vehumet.
 10321 | Lair:1   | Reached skill level 5 in Fighting
 10893 | Lair:2   | Noticed Harold
 10921 | Lair:2   | Killed Harold
 11388 | Lair:1   | Mangled by a spiny frog

Levels and vault maps discovered:
D:1:      sevenhm_arrival_forest_fort_small_3, layout_loops_ring,
          serial_bayou_pond_a
D:2:      layout_loops_ring, ashenzari_altar_1, nicolae_overflow_crystal_walls,
          serial_forest, infiniplex_forest_straight_4,
          infiniplex_forest_lined_2, infiniplex_forest_clump_C,
          infiniplex_forest_clump_long, infiniplex_forest_end_1,
          infiniplex_forest_straight_1, infiniplex_forest_clump_long
D:3:      layout_basic, overflow_temple_1_default, minmay_misc_feat_encased
D:4:      layout_loops_corners, first_ration, uniq_natasha
D:5:      layout_rooms, nicolae_overflow_hidden_temple,
          chequers_temple_overflow_statue_of_worship, ebering_ghost_gozag,
          hangedman_abyss_or_decor_stagger
D:6:      layout_loops_ring, enter_ossuary_3, nemelex_lonely_heart_becter
D:7:      layout_basic, lemuel_temple_firewalk_a, serial_shops,
          nicolae_shop_stone
D:8:      layout_basic, serial_shops, shop
D:9:      layout_stronghold, erik_lair_orcish_takeover, hiddenorc2_lemuel
D:10:     layout_loops_ring, grunt_livestock
Temple:   jpeg_temple_clearing
Lair:1:   layout_long_grid, uniq_gastronok
Lair:2:   layout_cave_pods, grunt_megastairs_5, uniq_harold

Skill      XL: |  1  2  3  4  5  6  7  8  9 10 11 |
---------------+----------------------------------+-----
Conjurations   | 2 3 4 5 7 9 10 | 10.1
Spellcasting   | 4 5 6 7 9 11 12 | 12.0
Fire Magic     | 4 5 6 8 9 10 | 10.0
Fighting       | 3 6 |  6.2
Dodging        | 6 9 |  9.4
Stealth        | |  2.4

Action                   |  1- 3 |  4- 6 |  7- 9 | 10-12 || total
-------------------------+-------+-------+-------+-------++-------
Melee: Dagger            |       |     2 |       |       ||     2
       Flail             |       |     3 |       |       ||     3
       Long sword        |       |       |    16 |       ||    16
 Cast: Flame Tongue      |    60 |    99 |   331 |   171 ||   661
       Throw Flame       |     3 |    18 |    83 |    46 ||   150
       Sticky Flame      |       |     3 |    19 |    38 ||    60
       Fireball          |       |       |     6 |    15 ||    21
       Conjure Flame     |       |       |     7 |     3 ||    10
  Use: Potion            |     4 |     1 |     4 |       ||     9
       Scroll            |     3 |     6 |     6 |     4 ||    19
  Eat: Chunk             |     1 |     7 |    14 |     7 ||    29
       Ration            |       |       |     1 |     1 ||     2
Armor: Robe              |     2 |     9 |    20 |     3 ||    34
Dodge: Dodged            |     7 |    26 |    77 |    51 ||   161
       Deflected         |       |       |     1 |     6 ||     7
       Rpst.: Long sword |       |       |    15 |       ||    15

Table legend:
 A = Non-vault XP
 B = Vault XP
 C = Vault XP percentage of total XP
 D = Non-vault monster count
 E = Vault monster count
 F = Vault count percentage of total count
                 A         B        C        D         E       F
            +---------+---------+-------+---------+---------+-------
      Total |   14010 |    4034 |  22.4 |     252 |      89 |  26.1
            +---------+---------+-------+---------+---------+-------
        D:1 |      47 |       0 |   0.0 |      23 |       0 |   0.0
        D:2 |      51 |       0 |   0.0 |      16 |       0 |   0.0
        D:3 |     275 |       0 |   0.0 |      36 |       0 |   0.0
        D:4 |     559 |      36 |   6.1 |      26 |       1 |   3.7
        D:5 |     678 |       0 |   0.0 |      17 |       0 |   0.0
        D:6 |     166 |       2 |   1.2 |       4 |       2 |  33.3
        D:7 |     837 |       0 |   0.0 |      24 |       0 |   0.0
        D:8 |     985 |       0 |   0.0 |      22 |       0 |   0.0
        D:9 |     784 |    1002 |  56.1 |      16 |      39 |  70.9
       D:10 |    3538 |     965 |  21.4 |      46 |       5 |   9.8
     Lair:1 |    4713 |       0 |   0.0 |      15 |       0 |   0.0
     Lair:2 |    1377 |    1510 |  52.3 |       7 |       3 |  30.0
    Ossuary |       0 |     519 | 100.0 |       0 |      39 | 100.0
            +---------+---------+-------+---------+---------+-------
